AoeStats
← A snickers7606

Fortress

510153997Analyzed
4v4 RM · 3d ago on Sep 29, 2026· 94m 6s· 8 players
Game mode
Random Map
Map size
Huge
Population
200
Speed
Normal
Resources
Standard
Victory
Conquest
Starting age
Dark Age
Ending age
Imperial Age
RankedLock teamsTeams togetherTeam positionsShared explorationLock speedFull tech treeHidden civsTurbo modeCheats
Victory
Defeat
🇵🇱 Teutons · Poland
530
+10
🇪🇬 Franks · Egypt
451
+13
🇬🇧 Britons · United Kingdom
339
+18
🇬🇧 Spanish · United Kingdom
335
+18
🇦🇷 Bohemians · Argentina
638
-50
🇦🇷 Persians · Argentina
307
-12
🇦🇷 Chinese · Argentina
304
-11
🇦🇷 Teutons · Argentina
295
-11
A snickers7606
15:04 Loom
19:59 Feudal Age
26:23 Wheelbarrow
25:33 Horse Collar
25:49 Gold Mining
25:50 Stone Mining
25:49 Double-Bit Axe
30:03 Castle Age
29:34 Fletching
29:44 Padded Archer Armor
33:34 Imperial Age
32:51 Hand Cart
33:16 Gold Shaft Mining
32:54 Bow Saw
32:49 Heavy Plow
38:15 Bodkin Arrow
38:37 Leather Archer Armor
40:28 Two-Man Saw
44:18 Caravan
45:15 Elite Longbowman
46:18 Yeomen
46:01 Bracer
46:31 Ring Archer Armor
46:19 Heavy Scorpion
57:19 Fortified Wall
59:46 Chemistry
68:18 Guilds
71:15 Capped Ram
Footy_king11
9:06 Feudal Age
9:54 Double-Bit Axe
9:53 Horse Collar
11:16 Gold Mining
16:07 Castle Age
15:34 Padded Archer Armor
15:41 Scale Barding Armor
17:01 Bow Saw
16:59 Heavy Plow
18:31 Stone Mining
23:44 Stone Shaft Mining
24:07 Wheelbarrow
22:58 Pikeman
25:38 Masonry
27:54 Fortified Wall
31:11 Hand Cart
33:31 Imperial Age
32:32 Bloodlines
32:25 Husbandry
33:41 Cavalier
33:45 Light Cavalry
35:36 Elite Conquistador
35:42 Paladin
35:45 Hussar
39:02 Two-Man Saw
39:53 Hoardings
38:51 Sappers
40:30 Chemistry
45:12 Bombard Tower
44:42 Arrowslits
58:20 Murder Holes
58:19 Guard Tower
59:00 Architecture
58:22 Town Watch
76:06 Keep
cartofel22
3:14 Loom
8:52 Feudal Age
9:27 Double-Bit Axe
9:30 Horse Collar
17:14 Castle Age
18:21 Bow Saw
18:18 Heavy Plow
19:47 Gold Mining
20:32 Fletching
20:53 Forging
22:29 Stone Mining
24:09 Caravan
24:40 Coinage
29:53 Imperial Age
30:09 Wheelbarrow
29:59 Ballistics
30:56 Fortified Wall
32:18 Chemistry
32:06 Town Watch
32:37 Hand Cart
32:49 Ironclad
33:11 Stone Shaft Mining
33:50 Banking
34:29 Guilds
35:01 Conscription
36:28 Squires
35:48 Pikeman
37:46 Town Patrol
39:13 Hoardings
38:55 Onager
41:26 Siege Onager
41:37 Heavy Scorpion
42:53 Elite Skirmisher
46:12 Iron Casting
45:33 Bodkin Arrow
45:39 Scale Mail Armor
45:40 Padded Archer Armor
45:45 Scale Barding Armor
45:52 Siege Engineers
45:33 Arrowslits
46:02 Masonry
46:59 Two-Man Saw
46:40 Crop Rotation
47:51 Crenellations
49:20 Blast Furnace
48:36 Chain Mail Armor
49:03 Halberdier
55:03 Plate Mail Armor
54:48 Leather Archer Armor
54:54 Chain Barding Armor
55:03 Bombard Tower
54:33 Guard Tower
57:45 Sappers
60:00 Ring Archer Armor
60:05 Plate Barding Armor
59:04 Elite Teutonic Knight
65:34 Fervor
65:45 Sanctity
70:43 Capped Ram
71:33 Arson
74:15 Bloodlines
73:26 Cavalier
77:43 Paladin
91:02 Devotion
91:13 Redemption
91:04 Atonement
91:29 Illumination
91:20 Block Printing
91:41 Theocracy
91:27 Heresy
92:52 Faith
92:29 Spies/Treason
kzakaria9191
0:34 Loom
8:57 Feudal Age
9:40 Double-Bit Axe
19:17 Castle Age
16:44 Man-at-Arms
26:23 Treadmill Crane
26:54 Fortified Wall
26:41 Murder Holes
31:32 Imperial Age
30:34 Stone Mining
30:43 Gold Mining
32:59 Ballistics
32:50 Scale Barding Armor
32:57 Forging
32:52 Husbandry
32:32 Cavalier
35:06 Town Watch
35:56 Wheelbarrow
36:25 Chemistry
35:38 Bow Saw
35:35 Caravan
36:49 Conscription
38:19 Chain Barding Armor
38:35 Iron Casting
38:02 Padded Archer Armor
37:52 Fletching
43:10 Leather Archer Armor
43:33 Plate Barding Armor
43:59 Blast Furnace
42:24 Paladin
42:27 Elite Throwing Axeman
43:42 Hoardings
42:29 Ordonnance Companies
43:09 Chivalry
44:32 Masonry
43:59 Pikeman
44:39 Squires
44:24 Gambesons
44:07 Elite Skirmisher
47:58 Town Patrol
48:13 Hand Cart
48:43 Architecture
47:41 Halberdier
50:07 Gold Shaft Mining
51:53 Leather Archer Armor
51:33 Bodkin Arrow
51:39 Scale Mail Armor
56:20 Chain Mail Armor
58:10 Long Swordsman
65:34 Two-Handed Swordsman
66:00 Arson
74:54 Champion
Maurusoscuro
9:30 Feudal Age
10:14 Double-Bit Axe
11:11 Wheelbarrow
14:36 Gold Mining
14:40 Town Watch
21:29 Castle Age
23:51 Bow Saw
23:25 Horse Collar
23:49 Crossbowman
25:00 Padded Archer Armor
24:52 Fletching
25:11 Scale Barding Armor
25:37 Hand Cart
25:43 Town Patrol
26:22 Stone Mining
32:15 Imperial Age
30:38 Leather Archer Armor
30:19 Bodkin Arrow
30:26 Bodkin Arrow
30:55 Chain Barding Armor
32:03 Heavy Plow
35:15 Stone Shaft Mining
34:26 Heavy Mounted Crossbowman
38:02 Two-Man Saw
37:36 Crop Rotation
39:01 Cavalier
40:28 Paladin
41:49 Ring Archer Armor
42:14 Plate Barding Armor
60:41 Heavy Scorpion
Tincho123471133
3:15 Loom
7:00 Feudal Age
10:43 Wheelbarrow
9:53 Town Watch
10:25 Double-Bit Axe
12:18 Man-at-Arms
22:09 Castle Age
21:49 Fletching
22:00 Padded Archer Armor
22:18 Forging
22:09 Scale Mail Armor
22:14 Scale Barding Armor
25:31 Iron Casting
24:52 Bodkin Arrow
25:12 Leather Archer Armor
25:13 Chain Mail Armor
25:20 Chain Mail Armor
26:22 Ballistics
31:11 Chemistry
32:16 Bow Saw
31:53 Crossbowman
38:07 Imperial Age
41:55 Hand Cart
41:40 Town Patrol
44:45 Blast Furnace
43:45 Bracer
44:16 Ring Archer Armor
44:16 Plate Mail Armor
44:07 Chain Barding Armor
46:08 Two-Man Saw
rex77731
1:11 Loom
9:14 Feudal Age
9:45 Town Watch
10:37 Wheelbarrow
11:06 Gold Mining
10:58 Horse Collar
11:05 Double-Bit Axe
11:20 Stone Mining
14:42 Padded Archer Armor
14:33 Fletching
14:54 Forging
17:45 Castle Age
18:49 Hand Cart
18:34 Town Patrol
18:08 Crossbowman
19:13 Caravan
19:50 Coinage
23:39 Bow Saw
24:59 Bodkin Arrow
25:20 Leather Archer Armor
25:41 Iron Casting
24:59 Arson
25:14 Squires
29:25 Gold Shaft Mining
29:25 Stone Shaft Mining
29:33 Stone Shaft Mining
31:39 Imperial Age
30:22 Thumb Ring
32:24 Ballistics
32:18 Masonry
31:59 Heated Shot
32:26 Fortified Wall
32:14 Murder Holes
33:43 Heavy Plow
34:46 Two-Man Saw
33:56 Elite Fire Lancer
36:56 Coinage
36:23 Elite Chu Ko Nu
38:20 Architecture
38:58 Chemistry
39:40 Conscription
44:15 Banking
44:39 Bracer
45:10 Ring Archer Armor
45:40 Blast Furnace
44:46 Arbalester
47:48 Heavy Rocket Cart
65:13 Scale Mail Armor
65:19 Scale Barding Armor
LAUTY71990
2:23 Loom
2:28 Loom
2:35 Loom
3:55 Loom
14:11 Feudal Age
25:35 Castle Age
24:50 Wheelbarrow
26:19 Castle Age
30:26 Imperial Age
31:00 Hand Cart
33:18 Scale Barding Armor
33:13 Scale Mail Armor
33:24 Forging
33:15 Padded Archer Armor
34:46 Town Watch
34:47 Elite War Elephant
36:51 Town Patrol
40:32 Citadels
42:07 Kamandaran
44:10 Double-Bit Axe
44:21 Gold Mining
44:15 Horse Collar
45:27 Chain Barding Armor
45:22 Chain Mail Armor
45:43 Iron Casting
50:40 Plate Mail Armor
59:03 Heavy Scorpion
63:58 Gold Shaft Mining
77:19 Onager
Connection lost

Rejoining the realm…

Still unreachable

The connection could not be restored.

Session expired

The server has moved on; the page needs a fresh start.